 Dungeon Crawl Stone Soup version 0.31-a0-232-gb1c03b2570 (webtiles) character file.

Game seed: 7120313494941174440

75 qw the Shooter (level 4, 1/1 HPs)
             Began as a Gargoyle Hexslinger on July 7, 2023.
             Quit the game on level 3 of the Dungeon.
             The game lasted 01:20:17 (19453 turns).

qw the Shooter (Gargoyle Hexslinger)               Turns: 19453, Time: 01:20:17

Health: 1/1        AC:  8    Str: 11    XL:     4   Next: 31%
Magic:  5/5        EV: 10    Int: 14    God:
Gold:   67         SH:  0    Dex: 14    Spells: 4/5 levels left

rFire   . . .        Y - +1 sling
rCold   . . .        (no shield)
rNeg    + . .        d - +0 ring mail
rPois   inf          (no helmet)
rElec   +            (no cloak)
rCorr   .            (no gloves)
SInv    .            (no boots)
Will    .....        (no amulet)
Stlth   +            (no ring)
HPRegen 0.20/turn    (no ring)
MPRegen 0.09/turn

%: no passive effects
@: no status effects
A: sickness immunity, AC +3, negative energy resistance 1, electricity
resistance, torment resistance 1, petrification resistance
a: no special abilities


You were on level 3 of the Dungeon.
You visited 1 branch of the dungeon, and saw 3 of its levels.

You collected 67 gold pieces.


Innate Abilities, Weirdness & Mutations

You are immune to sickness and miasma.
Your stone body is resilient. (AC +3)
You are immune to poison.
You resist negative energy. (rN+)
You are resistant to electric shocks. (rElec)
You are resistant to unholy torment.
You are immune to petrification.


   Skills:
 - Level 2.0 Fighting
 - Level 4.0 Ranged Weapons
 + Level 0.5 Armour
 - Level 1.5 Dodging
 - Level 1.0 Spellcasting
 - Level 2.6 Hexes


You had 4 spell levels left.
You knew the following spells:

 Your Spells              Type           Power      Damage    Failure   Level
a - Slow                  Hex            32%        N/A       22%         1

Your spell library contained the following spells:

 Spells                   Type           Power      Damage    Failure   Level
 Inner Flame              Hex/Fire       4%         N/A       73%         3
 Portal Projectile        Hex/Tloc       8%         N/A       73%         3
 Cause Fear               Hex            4%         N/A       91%         4

Inventory:

Hand Weapons
 Y - a +1 sling (weapon)
Armour
 d - a +0 ring mail (worn)
Scrolls
 e - a scroll of identify
Potions
 b - a potion of ambrosia {unknown}
 g - 2 potions of heal wounds

Dungeon Overview and Level Annotations

Branches:
Dungeon (3/15)

Altars:

Shops:
D:2 [


Message History

Enter note:
Enter note:
Enter note:
Enter note:
Enter note:
Enter note:
Enter note:
Enter note:
Enter note:
Enter note:
Enter note:
Enter note:
Enter note:
Enter note:
Enter note:
Enter note:
Enter note:
Enter note:
Enter note:
Enter note:
Enter note:
Enter note:
Enter note:
Enter note:
Enter note:
Enter note:
Enter note:
Enter note:
Enter note:
Enter note:
Enter note:
(D) Dungeon
Where to? (* - list waypoints, Enter - D:2, ? - help)
What level of the Dungeon? (default 1, ? - help)
You climb downwards.
Zot's power touches on you...
Buggy note passed: unknown note type HP restored.
There is a stone staircase leading up here.
19453 ||| QUITTING!
Are you sure you want to abandon this character and quit the game? (Confirm with "yes".) #P$$$P. ##P$$$P# #.P$?$P# #.PPPPP#

#.#
#.#
#.#
#.#
#@#
###


There were no monsters in sight!

Vanquished Creatures
  An ufetubus (D:2)
  3 dart slugs (D:2)
  A worm (D:2)
  6 ball pythons
  2 bats
  6 endoplasms
  3 giant cockroaches
  6 goblins
  3 hobgoblins
  3 jackals
  5 quokkas
  4 frilled lizards
  5 kobolds
  8 rats
56 creatures vanquished.

Notes
Turn   | Place    | Note
-------+----------+-------------------------------------------
     0 | D:1      | qw the Gargoyle Hexslinger began the quest for the Orb.
     0 | D:1      | Reached XP level 1. HP: 12/12 MP: 2/2
     0 | D:1      | 0 ||| qw: Version: 0.3-a-46-gb1f654a
     0 | D:1      | 0 ||| qw: Game counter: 2544
     0 | D:1      | 0 ||| qw: Melee chars always use a shield: true
     0 | D:1      | 0 ||| qw: God list: Okawaru
     0 | D:1      | 0 ||| qw: Allow faded altars: false
     0 | D:1      | 0 ||| qw: Do Orc after clearing Dungeon:15 true
     0 | D:1      | 0 ||| qw: Do second Lair branch before Depths: true
     0 | D:1      | 0 ||| qw: Lair rune preference: random
     0 | D:1      | 0 ||| qw: Goals: Normal
     0 | D:1      | 0 ||| PLANNING D:1-11
     6 | D:1      | Noticed a rime drake
     6 | D:1      | Noticed a lindwurm
     6 | D:1      | Noticed a black mamba
     7 | D:1      | Noticed a polar bear
     7 | D:1      | Noticed a redback
    84 | D:1      | Reached XP level 2. HP: 16/16 MP: 3/3
   209 | D:1      | Reached skill level 3 in Ranged Weapons
   355 | D:1      | Reached XP level 3. HP: 17/21 MP: 4/4
   802 | D:1      | 802 ||| READING scroll labelled URRE SUOXTADD.
   803 | D:1      | 803 ||| READING 3 scrolls labelled RELAZX OZUOK.
   804 | D:1      | 804 ||| READING scroll labelled QEONKI HIVU.
   807 | D:1      | 807 ||| DRINKING 2 orange potions.
   808 | D:1      | 808 ||| DROPPING scroll of poison.
  1147 | D:2      | Reached XP level 4. HP: 26/26 MP: 5/5
  1163 | D:2      | Found a faded altar of an unknown god.
  1209 | D:2      | Reached skill level 4 in Ranged Weapons
  1216 | D:2      | Found Arghuinke's Armour Boutique.
  1224 | D:2      | 1224 ||| SHOPLISTING +0 pair of gloves (63 gold, have 58).
  1224 | D:2      | 1224 ||| SHOPLISTING +2 cloak of Dogma {rF+ rN+ Slay+3}
                  | (634 gold, have 58).
  1224 | D:2      | 1224 ||| SHOPLISTING +2 leather armour of willpower (266
                  | gold, have 58).
  1295 | D:2      | 1295 ||| UPGRADING to +0 ring mail.
  1305 | D:2      | 1305 ||| DROPPING +0 robe.
  1306 | D:2      | 1306 ||| DROPPING +6 ring of intelligence.
  1307 | D:2      | 1307 ||| READING scroll labelled WURAMOBBIU.
  1308 | D:2      | 1308 ||| READING scroll labelled RUARPHO ZODIER.
  1395 | D:2      | 1395 ||| READING 2 scrolls of identify.
  1395 | D:2      | 1395 ||| IDENTIFYING fizzy ruby potion
  1396 | D:2      | 1396 ||| DROPPING potion of invisibility.
 13852 | D:3      | Glimpsed the power of Zot.
 14252 | D:3      | Glimpsed the power of Zot.
 14572 | D:3      | Glimpsed the power of Zot.
 14652 | D:3      | Touched by the power of Zot (MHP 26 -> 19)
 14653 | D:3      | Glimpsed the power of Zot.
 15053 | D:3      | Glimpsed the power of Zot.
 15373 | D:3      | Glimpsed the power of Zot.
 15452 | D:3      | Touched by the power of Zot (MHP 20 -> 14)
 15453 | D:3      | Glimpsed the power of Zot.
 15853 | D:3      | Glimpsed the power of Zot.
 16173 | D:3      | Glimpsed the power of Zot.
 16252 | D:3      | Touched by the power of Zot (MHP 16 -> 11)
 16253 | D:3      | Glimpsed the power of Zot.
 16653 | D:3      | Glimpsed the power of Zot.
 16973 | D:3      | Glimpsed the power of Zot.
 17052 | D:3      | Touched by the power of Zot (MHP 12 -> 7)
 17053 | D:3      | Glimpsed the power of Zot.
 17453 | D:3      | Glimpsed the power of Zot.
 17773 | D:3      | Glimpsed the power of Zot.
 17852 | D:3      | Touched by the power of Zot (MHP 8 -> 4)
 17853 | D:3      | Glimpsed the power of Zot.
 18253 | D:3      | Glimpsed the power of Zot.
 18573 | D:3      | Glimpsed the power of Zot.
 18652 | D:3      | Touched by the power of Zot (MHP 4 -> 1)
 18653 | D:3      | Glimpsed the power of Zot.
 19053 | D:3      | Glimpsed the power of Zot.
 19373 | D:3      | Glimpsed the power of Zot.
 19452 | D:3      | Touched by the power of Zot (MHP 2 -> 1)
 19453 | D:3      | 19453 ||| QUITTING!
 19453 | D:3      | Quit the game

Levels and vault maps discovered:
D:1:      onia_arrival_zoo_common, layout_loops_ring, hangedman_decor_points
D:2:      kb_forest_paths, layout_basic, ebering_ecumenical_altar_petrified,
          serial_shops, nicolae_shop_pleasant_corner_grove
D:3:      kennysheep_big_flooded_room, layout_basic, minmay_gold_behind_fungi,
          minmay_puff

Skill      XL: |  1  2  3  4 |
---------------+-------------+-----
Ranged Weapons | 3 4 |  4.0
Fighting       | 2 |  2.0
Armour         | |  0.5
Dodging        | |  1.5
Spellcasting   | |  1.0
Hexes          | |  2.6

Action                     |  1- 3 |  4- 6 || total
---------------------------+-------+-------++-------
   Fire: Sling             |   132 |    40 ||   172
    Use: Scroll            |     3 |     3 ||     6
         Potion            |     1 |       ||     1
 Armour: Robe              |    18 |     8 ||    26
  Dodge: Dodged            |    41 |    25 ||    66

Table legend:
 A = Non-vault XP
 B = Vault XP
 C = Vault XP percentage of total XP
 D = Non-vault monster count
 E = Vault monster count
 F = Vault count percentage of total count
                 A         B        C        D         E       F
            +---------+---------+-------+---------+---------+-------
      Total |      94 |      14 |  13.0 |      50 |       6 |  10.7
            +---------+---------+-------+---------+---------+-------
        D:1 |      41 |       0 |   0.0 |      27 |       0 |   0.0
        D:2 |      53 |      14 |  20.9 |      23 |       6 |  20.7
            +---------+---------+-------+---------+---------+-------
